 Dungeon Crawl Stone Soup version 0.23-a0-550-g7de1f8e (webtiles) character file.

157 Geeful the Sneak (level 5, -4/46 HPs)
             Began as an Octopode Earth Elementalist on Dec 9, 2018.
             Slain by an orc warrior
             ... wielding a +0 hand axe
              (9 damage)
             ... on level 2 of the Dungeon.
             The game lasted 00:09:51 (3541 turns).

Geeful the Sneak (Octopode Earth Elementalist)      Turns: 3541, Time: 00:09:51

Health: -4/46      AC: 22    Str: 13    XL:     5   Next: 38%
Magic:  5/9        EV:  2    Int: 18    God:
Gold:   92         SH:  0    Dex: 12    Spells: 4/10 levels left

rFire    . . .     SeeInvis .   l - +1 flail (protect)
rCold    . . .     Gourm    .   (no shield)
rNeg     + + +     Faith    .   (helmet currently unavailable)
rPois    +         Spirit   .   (no amulet)
rElec    .         Reflect  .   (no ring)
rCorr    .         Harm     .   (no ring)
MR       .....     NoTele   +   (no ring)
Stlth    +++.......             (no ring)
HPRegen  0.15/turn              (no ring)
MPRegen  0.11/turn              (no ring)
                                (no ring)
                                (no ring)

@: mighty, tree-form, hasted, very quick
A: almost no armour, stealthy swim, (amphibious), 8 rings, (constrict 8)
a: no special abilities


You were on level 2 of the Dungeon.
You were not hungry.
You were a tree.
You visited 1 branch of the dungeon, and saw 3 of its levels.

You collected 92 gold pieces.

Inventory:

Hand Weapons
 l - a +1 flail of protection (weapon)
Missiles
 b - 134 stones (quivered)
Jewellery
 m - an uncursed ring of ice
Scrolls
 e - 2 scrolls of noise
 g - a scroll of amnesia
 i - a scroll of fog {unknown}
Potions
 f - a potion of haste
 h - a potion of flight {unknown}
 j - a potion of might
 k - a potion of agility {unknown}
Comestibles
 c - 8 rations
 d - 4 chunks of flesh


   Skills:
 + Level 3.1 Dodging
 + Level 4.4 Stealth
 + Level 3.0 Spellcasting
 - Level 1.0 Transmutations
 + Level 3.9 Earth Magic


You had 4 spell levels left.
You knew the following spells:

 Your Spells              Type           Power        Failure   Level  Hunger
a - Sandblast             Erth           ###...       3%          1    None
b - Passwall              Tmut/Erth      ##......     9%          2    ##.....
c - Stone Arrow           Conj/Erth      #.....       22%         3    ###....

Your spell library contained the following spells:

 Spells                   Type           Power        Failure   Level  Hunger
 Petrify                  Tmut/Erth      ##......     52%         4    ####...
 Lee's Rapid Deconstruct  Erth           ###.......   65%         5    ######.


Dungeon Overview and Level Annotations

Branches:
Dungeon (3/15)

Altars:
Hepliaklqana


Innate Abilities, Weirdness & Mutations

You cannot wear most types of armour.
You are very stealthy in the water. (Stealth+)
((You are amphibious.))
You can wear up to eight rings at the same time.
((You can use your tentacles to constrict eight enemies at once.))
((Your skin changes colour to match your surroundings (Stealth+).))
((Your rubbery body absorbs attacks. (AC +1, EV +1)))


Message History

The orc closely misses you.
You climb upwards.
There is a stone staircase leading down, spattered with blood here.
You are too injured to fight recklessly!
You barely miss the orc warrior. You grab the orc warrior.
You squeeze the orc warrior, but do no damage.
The orc warrior is moderately wounded.
You constrict the orc warrior, but do no damage.
The orc warrior hits you with a +0 hand axe!
* * * LOW HITPOINT WARNING * * *
It was a potion of might.
You feel very mighty all of a sudden.
You constrict the orc warrior, but do no damage.
The orc warrior closely misses you.
It was a potion of haste.
You feel yourself speed up.
You constrict the orc warrior. The orc warrior barely misses you.
It was a potion of lignification.
You turn into a tree.
Your roots penetrate the ground.
You lose your grip on the orc warrior.
The orc warrior hits you with a +0 hand axe!
You die...

#.......#..........###.#.......#
#............)..........(......##
#.<.................<.####.####..
#......#..........##....##.##...#
#####.>#..........#..##.##....###
....................###.....#####
###............<...#####..######.
##..............o.......#####...
#..............♣)..........#..#.
##...###......................###
#....# #...........##########....
.....###..........## #....
.................## #....
......####......## #.... ......#
######## #....
.#################### #....
....................# #....


You could see an orc warrior.

Vanquished Creatures
  A scorpion (D:3)
  An adder (D:2)
  3 gnolls (D:3)
  An ooze (D:3)
  2 dart slugs (D:1)
  2 leopard geckos (D:1)
  2 orcs (D:2)
  4 giant cockroaches
  8 goblins
  3 hobgoblins
  11 jackals
  3 kobolds
  2 quokkas
  6 bats
  2 frilled lizards (D:1)
  3 rats (D:3)
54 creatures vanquished.

Notes
Turn   | Place    | Note
-------+----------+-------------------------------------------
     0 | D:1      | Geeful the Octopode Earth Elementalist began the quest for
                  | the Orb.
     0 | D:1      | Reached XP level 1. HP: 11/11 MP: 3/3
   456 | D:1      | Reached skill level 3 in Stealth
   456 | D:1      | Reached XP level 2. HP: 16/17 MP: 0/5
  1074 | D:1      | Reached XP level 3. HP: 20/21 MP: 6/6
  1722 | D:2      | Found a hazy altar of Hepliaklqana.
  1899 | D:3      | Noticed a scorpion
  1902 | D:3      | Killed a scorpion
  1902 | D:3      | Reached skill level 4 in Stealth
  1902 | D:3      | Reached XP level 4. HP: 27/27 MP: 5/8
  1918 | D:3      | Learned a level 2 spell: Passwall
  1922 | D:3      | Learned a level 3 spell: Stone Arrow
  2371 | D:3      | Reached XP level 5. HP: 23/31 MP: 9/9
  2740 | D:3      | Noticed an orc warrior
  3541 | D:2      | Slain by an orc warrior

Vault maps used:
D:1:      matt_arrival_spirals
D:2:      lemuel_coloured_pillars_altar
D:3:      chequers_ecumenical_altar_twisty, first_ration

Skill      XL: |  1  2  3  4  5 |
---------------+----------------+-----
Stealth        | 3 4 |  4.4
Dodging        | 3 |  3.1
Spellcasting   | 3 |  3.0
Transmutations | |  1.0
Earth Magic    | |  3.9

Action                   |  1- 3 |  4- 6 || total
-------------------------+-------+-------++-------
Melee: Unarmed           |    32 |       ||    32
       Constrict         |    10 |    13 ||    23
       Tentacles         |     5 |    10 ||    15
       Dagger            |     5 |    53 ||    58
       Flail             |       |     4 ||     4
 Cast: Sandblast         |    21 |    30 ||    51
       Stone Arrow       |       |     1 ||     1
  Use: Scroll            |     3 |       ||     3
       Potion            |       |     3 ||     3
 Stab: Sleeping          |     6 |     1 ||     7
  Eat: Chunk             |     3 |     5 ||     8
Armor: Skin              |     5 |     2 ||     7
Dodge: Dodged            |    23 |    55 ||    78

Table legend:
 A = Non-vault XP
 B = Vault XP
 C = Vault XP percentage of total XP
 D = Non-vault monster count
 E = Vault monster count
 F = Vault count percentage of total count
                 A         B        C        D         E       F
            +---------+---------+-------+---------+---------+-------
      Total |     225 |       0 |   0.0 |      54 |       0 |   0.0
            +---------+---------+-------+---------+---------+-------
        D:1 |      44 |       0 |   0.0 |      21 |       0 |   0.0
        D:2 |      33 |       0 |   0.0 |      10 |       0 |   0.0
        D:3 |     148 |       0 |   0.0 |      23 |       0 |   0.0
            +---------+---------+-------+---------+---------+-------
